 Dungeon Crawl Stone Soup version 0.22.1-2-g9c5b331 (webtiles) character file.

26 WarriorsX the Chiller (level 2, 0/20 HPs)
             Began as a Draconian Ice Elementalist on Dec 28, 2018.
             Slain by a gnoll
             ... wielding a +0 spear of distortion
              (20 damage)
             ... on level 2 of the Dungeon.
             The game lasted 00:03:09 (1208 turns).

WarriorsX the Chiller (Draconian Ice Elementalist)  Turns: 1208, Time: 00:03:09

Health: 0/20       AC:  4    Str: 10    XL:     2   Next: 89%
Magic:  5/5        EV: 12    Int: 15    God:
Gold:   76         SH:  0    Dex: 11    Spells: 4/5 levels left

rFire    . . .     SeeInvis .   (no weapon)
rCold    . . .     Gourm    .   (no shield)
rNeg     . . .     Faith    .   (armour unavailable)
rPois    .         Spirit   .   (helmet restricted)
rElec    .         Reflect  .   (no cloak)
rCorr    .         Harm     .   (no gloves)
MR       .....                  (no boots)
Stlth    ++........             (no amulet)
HPRegen  0.06/turn              (no ring)
MPRegen  0.09/turn              (no ring)

@: no status effects
A: unfitting armour, cold-blooded, AC +4
a: no special abilities


You were on level 2 of the Dungeon.
You were not hungry.

You visited 1 branch of the dungeon, and saw 2 of its levels.

You collected 76 gold pieces.

Inventory:

Wands
 h - a wand of enslavement (13)
Scrolls
 c - a scroll of amnesia {unknown}
 d - a scroll of remove curse {unknown}
 f - a scroll of fear {unknown}
 g - 2 scrolls of identify {unknown}
Potions
 a - a potion of lignification {unknown}
 e - a potion of agility {unknown}
 i - a potion of curing {unknown}
Comestibles
 b - 2 rations


   Skills:
 - Level 1.7 Dodging
 - Level 1.7 Stealth
 - Level 2.0 Spellcasting
   Level 1.0 Conjurations
 + Level 4.1 Ice Magic


You had 4 spell levels left.
You knew the following spells:

 Your Spells              Type           Power        Failure   Level  Hunger
a - Freeze                Ice            ##..         4%          1    #......

Your spell library contained the following spells:

 Spells                   Type           Power        Failure   Level  Hunger
 Throw Frost              Conj/Ice       #.....       12%         2    ###....
 Ozocubu's Armour         Chrm/Ice       #.......     28%         3    ###....
 Throw Icicle             Conj/Ice       #.......     58%         4    #####..
 Summon Ice Beast         Ice/Summ       #.......     67%         4    #####..


Dungeon Overview and Level Annotations

Branches:
Dungeon (2/15)

Altars:
Fedhas
Kikubaaqudgha
Trog


Innate Abilities, Weirdness & Mutations

Your plain brown scales are hard. (AC +4)
You cannot fit into any form of body armour.
You are cold-blooded and may be slowed by cold attacks.


Message History

The rat barely misses you.
You hit the rat.
You kill the rat!
No target in view!
No target in view!
g - 2 scrolls labeled ONIUNN BUEPIF (gained 1)
There is an open door here.
A frilled lizard and a gnoll come into view.
The gnoll is wielding a spear of distortion. 2 gnolls come into view.
The gnoll shouts! x2
The frilled lizard hisses angrily.
You see here 21 stones.
There is an open door here.
There is an escape hatch in the ceiling here.
The frilled lizard bites you but does no damage.
The frilled lizard barely misses you. The gnoll hits you but does no damage.
Space warps horribly around you!
Ouch! That really hurt!
You die...

#...........# #.....#
#..........(###.....#
#####...#.........#
#.#############
###'#..[......
#####.........#
#.............+
#..........gl<###
#...........@.#..
#.............#.#
#.............#.###
#.............#...######
#.................##P..#
#####........###..P.._.#
#.....####.P.......#
#######PP.....P[####
#...#P_PP...###.#


You could see a gnoll and a frilled lizard.

Vanquished Creatures
  A dart slug (D:1)
  3 bats
  4 giant cockroaches
  2 goblins (D:1)
  3 hobgoblins (D:1)
  2 kobolds (D:2)
  6 rats
21 creatures vanquished.

Notes
Turn   | Place    | Note
-------+----------+-------------------------------------------
     0 | D:1      | WarriorsX the Draconian Ice Elementalist began the quest
                  | for the Orb.
     0 | D:1      | Reached XP level 1. HP: 14/14 MP: 3/3
   107 | D:1      | Reached XP level 2. HP: 11/20 MP: 3/5
   816 | D:2      | Found a bloodstained altar of Trog.
   823 | D:2      | Reached skill level 4 in Ice Magic
   977 | D:2      | Found an ancient bone altar of Kikubaaqudgha.
   995 | D:2      | Found a blossoming altar of Fedhas.
  1208 | D:2      | Slain by a gnoll

Skill      XL: |  1  2 |
---------------+-------+-----
Ice Magic      | 4 |  4.1
Dodging        | |  1.7
Stealth        | |  1.7
Spellcasting   | |  2.0
Conjurations   | |  1.0

Action                   || total
-------------------------++-------
Melee: Unarmed           ||    80
       Tailslap          ||     7
 Cast: Freeze            ||    11
  Eat: Chunk             ||     1
Armor: Skin              ||    28
Dodge: Dodged            ||    56
